 Dungeon Crawl Stone Soup version 0.17-a0-2063-gdaf50f8 (webtiles) character file.

242 Kel the Shield-Bearer (level 6, -1/47 HPs)
             Began as a Formicid Abyssal Knight on Oct 12, 2015.
             Was a Believer of Lugonu.
             Killed by nerve-wracking pain
             ... invoked by an orc priest
              (14 damage)
             ... on level 3 of the Dungeon.
             The game lasted 00:11:51 (3427 turns).

Kel the Shield-Bearer (Formicid Abyssal Knight)     Turns: 3427, Time: 00:11:52

Health: -1/47      AC: 10    Str: 16    XL:     6   Next: 30%
Magic:  7/7        EV:  9    Int: 17    God:    Lugonu [**....]
Gold:   137        SH:  5    Dex: 12    Spells: 0 memorised, 5 levels left

rFire  . . .     SeeInvis +     a - +1 hand axe
rCold  . . .     Clarity  .     d - +1 scale mail {rPois}
rNeg   . . .     SustAt   .     g - +0 buckler
rPois  +         Gourm    .     (helmet unavailable)
rElec  .         Spirit   .     (no cloak)
rCorr  .         Warding  .     (no gloves)
rMut   .         Stasis   +     i - +2 pair of boots
MR     .....                    (no amulet)
Stlth  ..........               (no ring)
                                e - +5 ring of intelligence

@: not resistant to hostile enchantments, extremely unstealthy
A: permanent stasis, dig shafts and tunnels, four strong arms, antennae 3
a: Dig, Shaft Self, Depart the Abyss, Bend Space, Renounce Religion


You were on level 3 of the Dungeon.
You worshipped Lugonu.
Lugonu was pleased with you.
You were not hungry.

You visited 1 branch of the dungeon, and saw 4 of its levels.
You visited the Abyss 1 time.

You collected 137 gold pieces.

Inventory:

Hand Weapons
 a - a +1 hand axe (weapon)
 o - a +0 blowgun
Missiles
 p - 20 poisoned needles
Armour
 d - a +1 scale mail of poison resistance (worn)
 g - a +0 buckler (worn)
 i - a +2 pair of boots (worn)
Jewellery
 e - a +5 ring of intelligence (left hand)
Wands
 r - a wand of disintegration (14)
Scrolls
 k - 2 scrolls of recharging
 l - 2 scrolls of identify
 t - a scroll of random uselessness {unknown}
Potions
 b - 3 potions of lignification {unknown}
 h - 2 potions of resistance
 j - 2 potions of brilliance {unknown}
 m - a potion of might
 q - a potion of flight {unknown}
Books
 s - a book of Changes

   Spells                             Type                      Level
   a - Beastly Appendage              Transmutation                1
   b - Sticks to Snakes               Transmutation                2
   c - Spider Form                    Transmutation/Poison         3
   d - Ice Form                       Ice/Transmutation            4
   e - Blade Hands                    Transmutation                5
Comestibles
 c - 2 bread rations
 f - 2 meat rations


   Skills:
 - Level 3.4 Fighting
 + Level 4.5 Axes
 - Level 2.1 Armour
 - Level 0.8 Dodging
 + Level 4.5 Shields
 - Level 2.2 Invocations


You had 5 spell levels left.
You didn't know any spells.

Dungeon Overview and Level Annotations

Branches:
Dungeon (4/15)
 Temple: D:4-7

Altars:
Cheibriados
Elyvilon
Fedhas
Makhleb
Trog


Innate Abilities, Weirdness & Mutations

You are under a permanent stasis effect.
You can dig through walls and to a lower floor.
Your four strong arms can wield two-handed weapons with a shield.
You have a pair of large antennae on your head (SInv).


Message History

The orc priest is lightly wounded.
You block the orc priest's attack.
There is a stone staircase leading up here.
You see here 10 stones.
Drink which item? (? for menu, Esc to quit)
You feel better.
The orc priest hits you but does no damage.
You hit the orc priest.
The orc priest is moderately wounded.
You barely miss the orc priest.
The orc priest is moderately wounded.
The orc priest calls down the wrath of Beogh upon you.
Something smites you!
* * * LOW HITPOINT WARNING * * *
The orc priest casts a cantrip, but nothing happens.
You hit the orc priest but do no damage.
The orc priest is moderately wounded.
The orc priest mumbles some strange prayers to Beogh against you.
Pain shoots through your body!
You die...

#.##### #..#
##...#.#.###### ####.....#
#..#######.#.#.......
#....###.#
#..##......#.........
#.##.###†#
#..##.###############
#.#...##.####..##.#
...._.............#
.##...#.#####..#### {
.###.##.#####..#########
.###....##....(o@.......
.....#####.###.############
####.#####.# #............#
#.).....# ############.#
######### #.# #.#######
#........ #########


You could see an orc priest.

Vanquished Creatures
  Ijyb (D:2)
  A centaur skeleton (D:4)
  An orc wizard (D:3)
  4 gnolls
  6 adders
  An ooze (D:1)
  A worm (D:2)
  3 orcs (D:3)
  3 ball pythons
  7 bats
  4 hobgoblins
  4 quokkas
  4 giant cockroaches
  4 giant geckos
  3 giant newts
  3 goblins
  2 jackals (D:1)
  7 kobolds
  5 rats
64 creatures vanquished.

Notes
Turn   | Place    | Note
--------------------------------------------------------------
     0 | Abyss:1  | Kel the Formicid Abyssal Knight began the quest for the Orb.
     0 | Abyss:1  | Reached XP level 1. HP: 18/18 MP: 2/2
    20 | Abyss:2  | Found a corrupted altar of Lugonu.
    26 | Abyss:2  | Noticed a shadow wraith
    58 | Abyss:2  | Noticed a ynoxinul
    63 | D:1      | Escaped the Abyss
   246 | D:1      | Reached skill level 1 in Shields
   246 | D:1      | Reached XP level 2. HP: 22/24 MP: 3/3
   301 | D:1      | Reached * piety under Lugonu
   676 | D:1      | Reached XP level 3. HP: 29/29 MP: 4/4
  1063 | D:1      | Reached XP level 4. HP: 26/35 MP: 5/5
  1587 | D:2      | Noticed Ijyb
  1605 | D:2      | Killed Ijyb
  1605 | D:2      | Reached XP level 5. HP: 36/41 MP: 6/6
  2249 | D:2      | Found a snail-covered altar of Cheibriados.
  2257 | D:2      | Found a white marble altar of Elyvilon.
  2262 | D:2      | Reached ** piety under Lugonu
  2262 | D:2      | Reached skill level 4 in Axes
  2266 | D:2      | Found a bloodstained altar of Trog.
  2508 | D:3      | Found a burning altar of Makhleb.
  2900 | D:3      | You fall through a shaft!
  3172 | D:4      | Reached XP level 6. HP: 41/47 MP: 7/7
  3291 | D:3      | Found a blossoming altar of Fedhas.
  3427 | D:3      | Killed from afar by an orc priest

Vault maps used:
D:1:      minmay_arrival_open_corners, serial_park_tiny_1
D:2:      minitemple, hangedman_decor_push, uniq_iyjb
D:3:      lemuel_crystal_altar, overflow_temple_1_default,
          nicolae_overflow_crystal_walls
D:4:      first_bread, uniq_pikel, uniq_edmund

Action                   |  1- 3 |  4- 6 || total
-------------------------+-------+-------++-------
Melee: Hand axe          |    90 |   210 ||   300
Invok: Depart the Abyss  |     1 |       ||     1
 Abil: Dig               |     1 |     1 ||     2
       Shaft Self        |       |     1 ||     1
  Use: Scroll            |     1 |     5 ||     6
       Potion            |       |     5 ||     5
  Eat: Chunk             |     1 |     6 ||     7
       Bread ration      |       |     1 ||     1
